 Dungeon Crawl Stone Soup version 0.19.1 (webtiles) character file.

30 JustSomeDude the Caller (level 3, -6/19 HPs)
             Began as a Deep Elf Summoner on Nov 17, 2016.
             Was an Initiate of Sif Muna.
             Mangled by an orc
             ... wielding a cursed -1 short sword
              (7 damage)
             ... on level 2 of the Dungeon on Nov 28, 2016.
             The game lasted 00:15:46 (1913 turns).

JustSomeDude the Caller (Deep Elf Summoner)         Turns: 1913, Time: 00:15:47

Health: -6/19      AC:  3    Str:  2 (5)  XL:     3   Next: 3%
Magic:  10/10      EV: 12    Int: 17 (20) God:    Sif Muna [......]
Gold:   65         SH:  0    Dex: 12 (15) Spells: 1 memorised, 8 levels left

rFire  . . .     SeeInvis .     (no weapon)
rCold  . . .     Gourm    .     a - +0 robe
rNeg   . . .     Faith    .     (no shield)
rPois  .         Spirit   .     e - +0 helmet
rElec  .         Reflect  .     (no cloak)
rCorr  .         Harm     .     (no gloves)
MR     .....                    (no boots)
Stlth  ++........               (no amulet)
                                (no ring)
                                (no ring)

@: no status effects
A: no striking features
a: Renounce Religion


You were on level 2 of the Dungeon.
You worshipped Sif Muna.
Sif Muna was noncommittal.
You were hungry.

You visited 1 branch of the dungeon, and saw 3 of its levels.

You collected 65 gold pieces.

Inventory:

Armour
 a - a +0 robe (worn)
 e - a +0 helmet (worn)
Wands
 j - a wand of random effects (14/48)
Scrolls
 h - a scroll of fog
 k - 2 scrolls of remove curse {unknown}
 l - a scroll of recharging {unknown}
 m - 3 scrolls of identify
 n - a scroll of immolation {unknown}
Potions
 i - a potion of degeneration
Books
 b - a book of Callings

   Spells                             Type                      Level
   a - Summon Small Mammal            Summoning                    1
   b - Call Imp                       Summoning                    2
   c - Call Canine Familiar           Summoning                    3
   d - Summon Guardian Golem          Hexes/Summoning              3
   e - Summon Lightning Spire         Summoning/Air                4
   f - Summon Ice Beast               Ice/Summoning                4
Comestibles
 c - 2 bread rations
 f - a meat ration


   Skills:
 + Level 2.5 Dodging
 + Level 2.4 Stealth
 + Level 3.6 Spellcasting
 + Level 5.1 Summonings


You had 8 spell levels left.
You knew the following spells:

 Your Spells              Type           Power        Failure   Level  Hunger
a - Summon Small Mammal   Summ           ###.         1%          1    None


Dungeon Overview and Level Annotations

Branches:
Dungeon (3/15)

Altars:
Okawaru
Sif Muna
Trog
Yredelemnul
The Shining One


Message History

You climb downwards.
Your summoned ally is left behind.
A bat and a goblin come into view.
The goblin shouts!
The orc shouts!
The orc wizard shouts!
The orc shouts! x2
The orc priest closely misses you. The orc misses you.
The orc closely misses you. The hobgoblin barely misses you.
The orc priest casts a cantrip, but nothing happens.
The orc wizard shouts!
There is a stone staircase leading up here.
The orc hits you but does no damage. The orc misses you.
The orc priest hits you with a club.
You climb upwards.
Your quokka disappears in a puff of smoke!
Your rat disappears in a puff of smoke!
There is a stone staircase leading down here.
The hobgoblin hits you with a club. The orc hits you with a short sword.
The orc hits you but does no damage. The orc priest hits you with a club!
* * * LOW HITPOINT WARNING * * *
The orc hits you with a short sword!
You die...

###.###.# #..........###.#....
.....##.# #....)..............
###..##.# #....).....###.##.##
#..##.# #.#.#...######'##.##
###..##.# #.......# ##(..#...
#[......# ###.#...# ##.....###
#.#..#### #..######.......##
..#...##########.og####.........#
#####...........@.o...'.........+
..#...##########.o.####.........#
#.#.### #..######.......##
#...#### #.....# ##.....##
##.###.## #####.# ##...##
#....#.# #####.######'## #####.##
#.........##.# #.# #[###.###.##.#
######.# #.# #.###.##.##


You could see an orc priest, 2 orcs and a hobgoblin.

Vanquished Creatures
  3 bats (D:1)
3 creatures vanquished.

Vanquished Creatures (collateral kills)
  An adder (D:2)
  2 oozes (D:1)
  A worm (D:2)
  A dart slug (D:1)
  2 giant cockroaches
  3 goblins (D:2)
  3 hobgoblins
  A jackal (D:2)
  A kobold (D:2)
  A quokka (D:2)
  A ball python (D:2)
  5 bats
  A frilled lizard (D:1)
  2 rats
25 creatures vanquished.

Grand Total: 28 creatures vanquished

Notes
Turn   | Place    | Note
-------+----------+-------------------------------------------
     0 | D:1      | JustSomeDude the Deep Elf Summoner began the quest for the Orb.
     0 | D:1      | Reached XP level 1. HP: 10/10 MP: 6/6
   483 | D:1      | Reached XP level 2. HP: 14/15 MP: 6/8
   564 | D:1      | Upgraded the game from 0.19.0-20-gbc5f0c6 to 0.19.0-22-gd96e5fe
   760 | D:2      | Upgraded the game from 0.19.0-22-gd96e5fe to 0.19.0-24-gb05acd6
   760 | D:2      | Upgraded the game from 0.19.0-24-gb05acd6 to 0.19.1
  1177 | D:2      | Reached skill level 5 in Summonings
  1197 | D:2      | Found a basalt altar of Yredelemnul.
  1200 | D:2      | Found a glowing golden altar of the Shining One.
  1203 | D:2      | Found an iron altar of Okawaru.
  1206 | D:2      | Found a deep blue altar of Sif Muna.
  1210 | D:2      | Became a worshipper of Sif Muna the Loreminder
  1577 | D:2      | Found a bloodstained altar of Trog.
  1719 | D:2      | Reached XP level 3. HP: 11/19 MP: 3/10
  1913 | D:2      | Mangled by an orc

Skill      XL: |  1  2 |
---------------+-------+-----
Summonings     | 5 |  5.1
Dodging        | |  2.5
Stealth        | |  2.4
Spellcasting   | |  3.6

Action                   || total
-------------------------++-------
Melee: Unarmed           ||    17
 Cast: Summon Small Mamm ||    77
  Use: Potion            ||     2
       Scroll            ||     1
  Eat: Chunk             ||     2
Armor: Robe              ||    12
Dodge: Dodged            ||    44
